Map: Artillería pesada EE

Players

MrFercho

  • Race: Zerg Zerg
  • League: Silver
  • Spawn Location: 1:00

TATORREA

  • Race: Protoss Protoss
  • League: Silver
  • Spawn Location: 3:00

bobo - Winner!

  • Race: Zerg Zerg
  • Spawn Location: 7:00

Kuran - Winner!

  • Race: Protoss Protoss
  • Spawn Location: 7:00

VOD

Have the link to the VOD?

Description

Time

  • Played on: May 24, 2020, 9:59 p.m.
  • Length: 16:38
Show
View Real Time Build Order
Export as new Build Order

MrFercho Zerg 

Build Orders: Pool First 

Get SALT Encoding   

  12  0:02  Drone  
  13  0:10  Extractor  
  12  0:16  Overlord  
  12  0:21  Drone  
  13  0:29  Drone  
  13  0:34  Overlord  
  14  0:39  Drone  
  15  0:51  Drone  
  16  1:02  Spawning Pool  
  16  1:03  Drone  
  16  1:10  Drone  
  17  1:11  Extractor  
  16  1:47  Overlord x3  
  16  1:50  Metabolic Boost  
  16  1:54  Queen  
  18  2:11  Zergling x4  
  20  2:25  Spine Crawler  
  19  2:45  Drone x2  
  19  2:47  Hatchery  
  20  2:59  Lair  
  20  3:06  Zergling x2  
  20  3:10  Zergling x2  
  22  3:20  Drone x2  
  24  3:45  Drone x3  
  23  4:27  Evolution Chamber  
  22  4:32  Roach Warren  
  21  4:40  Drone x3  
  21  4:41  Queen  
  26  4:53  Zerg Ground Armor Level 1  
  26  5:03  Zergling x2  
  26  5:04  Zergling x10  
  32  5:10  Drone x2  
  34  5:16  Glial Reconstitution  
  34  5:34  Roach x5  
  34  5:35  Roach  
  46  5:50  Drone x2  
  48  6:03  Drone x3  
  51  6:05  Extractor x2  
  51  6:07  Drone  
  51  6:08  Drone x4  
  54  6:33  Evolution Chamber  
  53  6:40  Infestation Pit  
  52  6:48  Zerg Missile Weapons Level 1  
  52  7:00  Zerg Ground Armor Level 2  
  52  7:03  Overlord, Drone x3  
  52  7:04  Overlord  
  49  7:55  Hydralisk Den  
  48  8:15  Spore Crawler  
  48  8:18  Hive  
  47  8:25  Neural Parasite  
  47  8:36  Hatchery, Hydralisk  
  47  8:37  Hydralisk x8  
  64  8:45  Zerg Missile Weapons Level 2  
  64  8:56  Infestor  
  66  9:04  Grooved Spines  
  66  9:19  Drone x3  
  69  9:38  Burrow  
  69  9:46  Zerg Ground Armor Level 3  
  69  10:14  Hydralisk  
  69  10:15  Muscular Augments, Hydralisk x5  
  81  10:25  Overlord x4  
  81  10:26  Overlord  
  81  10:27  Overlord x3  
  81  10:46  Baneling Nest, Overseer  
  81  10:49  Adrenal Glands  
  80  11:10  Zergling x2  
  81  11:11  Zergling x22  
  92  11:43  Baneling  
  92  11:44  Baneling x23  
  92  12:39  Centrifical Hooks  
  92  12:44  Hydralisk x11  
  92  12:45  Hydralisk x4  
  113  13:11  Viper x6  
  131  13:54  Zergling x6  
  131  13:55  Zergling x22  
  145  13:56  Overlord  
  145  13:57  Overlord x3  
  79  15:08  Hydralisk  
  79  15:09  Hydralisk x8  
Show
View Real Time Build Order
Export as new Build Order

TATORREA Protoss 

Build Orders:  

Get SALT Encoding   

  12  0:01  Probe  
  13  0:25  Probe  
  14  0:31  Pylon  
  14  0:37  Probe  
  15  0:45  Assimilator  
  15  0:49  Probe  
  16  1:01  Probe  
  17  1:10  Gateway  
  17  1:13  Probe  
  18  1:41  Probe  
  19  1:53  Probe  
  20  2:03  Nexus  
  20  2:07  Gateway  
  20  2:12  Cybernetics Core  
  19  2:18  Probe  
  20  2:26  Zealot  
  20  2:28  Assimilator  
  22  2:30  Probe  
  23  2:48  Warp Gate  
  23  3:11  Pylon  
  23  3:14  Pylon  
  23  3:15  Stalker x2, Probe  
  23  3:19  Pylon  
  28  3:22  Pylon  
  28  3:44  Probe x2  
  28  3:45  Stalker x2  
  34  3:57  Probe x2, Stargate  
  36  4:09  Probe x2  
  38  4:15  Stalker x2  
  42  4:27  Probe x2  
  44  4:45  Zealot  
  46  4:48  Robotics Facility  
  46  4:49  Probe x2  
  48  4:56  Stalker  
  50  5:18  Forge  
  50  5:21  Protoss Air Weapons Level 1, Probe  
  50  5:22  Probe  
  50  5:27  Assimilator  
  52  5:29  Assimilator  
  52  5:34  Probe x2  
  54  5:43  Immortal  
  54  5:46  Probe x2  
  54  5:48  Stalker x2  
  64  5:58  Probe x2  
  66  6:10  Probe  
  67  6:19  Probe  
  68  6:31  Pylon  
  68  6:34  Pylon  
  68  6:39  Pylon  
  68  6:50  Immortal, Pylon, Protoss Ground Weapons Level 1  
  68  6:53  Pylon  
  72  6:59  Void Ray, Pylon  
  76  7:02  Pylon  
  76  7:06  Stalker x2  
  76  7:08  Pylon  
  80  7:11  Nexus  
  80  7:18  Robotics Bay  
  80  7:25  Probe  
  80  7:29  Immortal  
  85  7:47  Phoenix  
  87  7:59  Fleet Beacon  
  87  8:11  Probe x2  
  89  8:16  Stalker  
  89  8:17  Stalker  
  93  8:20  Phoenix  
  93  8:21  Colossus  
  93  8:23  Probe x2  
  103  8:31  Extended Thermal Lance  
  103  8:35  Probe x2  
  105  8:43  Probe  
  105  8:47  Probe x2  
  108  8:49  Assimilator  
  108  8:50  Stalker  
  108  8:51  Stalker  
  108  8:53  Phoenix  
  108  8:54  Assimilator  
  114  8:55  Probe  
  114  8:59  Probe x2  
  117  9:04  Anion Pulse-Crystals  
  117  9:08  Probe  
  118  9:13  Probe x2  
  120  9:20  Probe  
  120  9:24  Colossus  
  121  9:30  Twilight Council  
  127  9:32  Probe  
  128  9:43  Pylon  
  128  9:47  Pylon  
  128  9:51  Pylon  
  128  9:54  Pylon  
  128  10:07  Phoenix  
  128  10:09  Pylon  
  128  10:13  Pylon  
  130  10:16  Protoss Ground Weapons Level 2  
  130  10:17  Pylon  
  130  10:18  Immortal  
  130  10:19  Charge, Nexus  
  130  10:20  Pylon  
  134  10:24  Unknown  
  134  10:29  Protoss Air Weapons Level 2  
  134  10:32  Stalker x2  
  138  10:36  Phoenix  
  140  10:56  Colossus  
  140  11:01  Carrier  
  152  11:28  Assimilator  
  152  11:30  Assimilator  
  152  11:37  Gateway  
  152  11:39  Gateway  
  152  11:42  Gateway  
  152  11:45  Gateway  
  152  11:48  Gateway  
  152  11:51  Gateway  
  152  11:52  Gateway  
  152  11:55  Gateway  
  152  11:59  Gateway  
  152  12:10  Gateway  
  152  12:11  Gateway  
  152  12:13  Gateway  
  152  13:07  Carrier  
  92  13:41  Stalker x3  
  74  13:42  Stalker x3  
  74  13:43  Stalker x3  
  74  13:45  Stalker x2  
  74  13:46  Stalker x2  
  98  13:49  Zealot  
  94  14:11  Carrier  
  44  14:51  Stalker  
  44  14:52  Stalker x4  
  54  14:53  Stalker x3  
  54  14:54  Stalker x4  
  54  14:55  Stalker x2  
Show
View Real Time Build Order
Export as new Build Order

bobo Zerg - Winner!

Build Orders: Pool First 

Get SALT Encoding   

  12  0:04  Drone  
  13  0:14  Overlord  
  13  0:17  Drone  
  14  0:35  Spawning Pool  
  13  0:40  Drone  
  13  0:41  Drone  
  15  0:45  Drone  
  16  0:53  Drone  
  17  1:04  Drone  
  18  1:15  Drone  
  19  1:21  Extractor  
  19  1:23  Extractor  
  17  1:30  Drone  
  18  1:33  Hatchery  
  18  1:35  Queen  
  18  1:39  Drone  
  20  1:55  Drone  
  21  2:21  Drone  
  22  2:23  Overlord  
  22  2:27  Lair  
  22  2:30  Overlord  
  22  2:45  Drone  
  22  2:46  Extractor  
  22  2:53  Drone x5  
  27  3:01  Drone  
  27  3:04  Drone  
  29  3:09  Drone  
  30  3:14  Queen  
  30  3:18  Drone  
  33  3:22  Drone  
  33  3:26  Drone  
  35  3:35  Hydralisk Den  
  35  3:37  Drone  
  35  3:43  Drone  
  35  3:45  Extractor  
  35  3:46  Drone x3  
  38  3:59  Drone  
  37  4:31  Hydralisk  
  37  4:32  Hydralisk x2  
  37  4:33  Overlord  
  37  4:37  Drone  
  44  4:38  Overlord  
  44  4:47  Overlord  
  44  4:51  Queen  
  46  4:55  Drone x4  
  46  4:58  Hydralisk  
  52  5:01  Overseer  
  52  5:04  Drone  
  53  5:11  Drone  
  54  5:19  Drone x2  
  54  5:20  Drone x2  
  58  5:23  Hydralisk  
  60  5:36  Hydralisk  
  62  5:51  Hatchery  
  62  5:53  Hatchery  
  62  5:56  Hatchery  
  59  5:59  Hatchery  
  59  6:03  Drone x2  
  59  6:04  Drone x3  
  63  6:07  Hatchery, Hydralisk  
  63  6:08  Hydralisk  
  66  6:11  Overlord  
  66  6:18  Grooved Spines  
  66  6:25  Infestation Pit  
  66  6:30  Drone x2, Spire  
  66  6:33  Hydralisk  
  68  6:50  Lurker Den  
  68  6:52  Queen  
  69  6:57  Hydralisk  
  69  6:58  Hydralisk  
  73  7:06  Hive  
  73  7:10  Queen  
  75  7:26  Drone x6  
  75  7:28  Queen  
  75  7:29  Drone  
  84  7:35  Extractor  
  83  7:37  Extractor  
  82  8:04  Queen  
  84  8:10  Drone x3  
  87  8:19  Greater Spire  
  87  8:25  Spire  
  86  8:30  Spire  
  85  8:59  Mutalisk  
  85  9:00  Mutalisk x7  
  85  9:01  Hatchery, Mutalisk  
  102  9:05  Mutalisk x2  
  102  9:07  Overlord x4  
  102  9:08  Overlord x3  
  106  9:26  Drone x5  
  106  9:27  Drone x4  
  115  9:32  Zerg Flyer Weapons Level 1  
  115  9:38  Zerg Flyer Armor Level 1  
  115  9:53  Overseer x3  
  115  9:54  Overseer  
  115  9:56  Overseer x3  
  115  10:19  Drone  
  115  10:20  Drone x6  
  122  10:26  Hatchery  
  122  10:27  Drone x2  
  123  10:31  Drone  
  123  10:32  Drone x4  
  128  10:37  Overlord x5  
  128  10:38  Overlord x3  
  128  10:46  Extractor  
  128  10:48  Extractor  
  126  11:01  Corruptor  
  126  11:02  Corruptor x5  
  126  11:03  Corruptor  
  140  11:29  Zerg Flyer Weapons Level 2  
  140  11:34  Corruptor x2  
  140  11:35  Corruptor x3  
  140  11:36  Corruptor  
  153  11:40  Drone x2  
  153  11:41  Drone  
  153  11:42  Drone  
  153  11:44  Drone  
  153  11:45  Drone  
  153  11:46  Drone  
  159  11:47  Drone  
  159  11:49  Drone  
  159  11:50  Drone  
  159  11:51  Drone  
  163  12:12  Corruptor  
  163  12:13  Corruptor x5  
  163  12:14  Corruptor  
  177  12:27  Zerg Flyer Armor Level 2  
  177  12:40  Drone x7  
  177  12:41  Drone x7  
  177  12:42  Drone  
  190  14:10  Hatchery  
  190  14:14  Mutalisk x5  
  193  14:32  Extractor  
  193  14:34  Extractor  
  177  14:45  Mutalisk x7  
  179  14:46  Mutalisk x5  
Show
View Real Time Build Order
Export as new Build Order

Kuran Protoss - Winner!

Build Orders: Carriers, Carrier Rush 

Get SALT Encoding   

  12  0:16  Pylon, Probe (Chrono Boost)  
  13  0:28  Probe (Chrono Boost)  
  14  0:32  Probe (Chrono Boost)  
  15  0:40  Gateway  
  15  0:42  Probe  
  16  0:53  Assimilator  
  16  0:54  Probe (Chrono Boost)  
  17  1:02  Assimilator  
  17  1:06  Probe (Chrono Boost)  
  18  1:15  Pylon, Probe (Chrono Boost)  
  19  1:21  Probe  
  20  1:33  Probe, Cybernetics Core  
  21  1:45  Probe  
  22  1:51  Zealot  
  24  2:02  Pylon  
  24  2:07  Pylon  
  24  2:16  Stargate  
  24  2:22  Stalker  
  26  2:42  Pylon  
  26  2:49  Stalker (Chrono Boost)  
  28  3:05  Fleet Beacon  
  28  3:10  Forge  
  28  3:11  Stalker  
  30  3:23  Probe  
  31  3:43  Nexus  
  31  3:47  Assimilator  
  31  3:52  Assimilator  
  31  3:55  Pylon  
  31  4:02  Pylon  
  31  4:21  Stalker  
  33  4:31  Carrier  
  33  4:37  Probe (Chrono Boost)  
  40  4:49  Probe (Chrono Boost)  
  41  4:54  Probe (Chrono Boost)  
  41  4:58  Stalker  
  44  5:04  Probe (Chrono Boost)  
  45  5:16  Probe (Chrono Boost)  
  45  5:20  Probe (Chrono Boost)  
  47  5:24  Probe (Chrono Boost)  
  47  5:27  Protoss Air Weapons Level 1  
  47  5:28  Probe (Chrono Boost)  
  49  5:32  Probe (Chrono Boost)  
  49  5:33  Probe (Chrono Boost)  
  51  5:36  Stalker  
  51  5:42  Probe  
  54  5:44  Probe  
  55  5:56  Carrier, Probe (Chrono Boost)  
  62  6:08  Probe (Chrono Boost)  
  63  6:11  Stalker  
  63  6:13  Probe (Chrono Boost)  
  66  6:22  Probe  
  67  6:34  Probe  
  67  6:39  Nexus  
  68  6:49  Assimilator  
  68  6:52  Assimilator  
  68  6:55  Pylon  
  68  7:00  Carrier  
  74  7:05  Pylon  
  74  7:11  Probe (Chrono Boost)  
  75  7:19  Photon Cannon  
  75  7:22  Probe (Chrono Boost)  
  76  7:24  Photon Cannon  
  76  7:26  Probe (Chrono Boost)  
  76  7:29  Photon Cannon  
  77  7:38  Probe (Chrono Boost)  
  78  7:50  Probe (Chrono Boost)  
  79  7:55  Probe (Chrono Boost)  
  81  7:59  Probe (Chrono Boost)  
  81  8:03  Probe (Chrono Boost)  
  83  8:06  Probe (Chrono Boost)  
  83  8:07  Pylon, Probe (Chrono Boost)  
  83  8:10  Pylon  
  84  8:15  Carrier  
  84  8:18  Probe (Chrono Boost)  
  84  8:19  Probe (Chrono Boost)  
  93  8:22  Probe (Chrono Boost)  
  93  8:30  Probe (Chrono Boost)  
  102  8:34  Mothership (Chrono Boost)  
  102  8:35  Probe (Chrono Boost)  
  103  8:41  Stargate  
  103  8:45  Probe, Stargate  
  104  8:48  Stargate  
  104  8:55  Stargate  
  104  8:57  Probe  
  105  9:09  Probe  
  106  9:17  Protoss Air Armor Level 1  
  106  9:19  Pylon  
  106  9:21  Probe  
  106  9:23  Pylon  
  107  9:27  Pylon  
  107  9:33  Probe  
  107  9:36  Pylon  
  108  9:45  Probe  
  109  9:52  Carrier x3  
  133  9:53  Carrier  
  133  10:01  Carrier  
  139  10:32  Cybernetics Core  
  139  10:45  Nexus  
  139  10:56  Carrier  
  145  10:59  Pylon  
  145  11:03  Pylon  
  145  11:07  Carrier x2  
  145  11:08  Carrier  
  163  11:12  Pylon  
  163  11:19  Pylon  
  163  11:21  Pylon  
  163  11:26  Pylon  
  163  11:29  Pylon  
  163  11:32  Pylon  
  163  11:35  Pylon  
  163  11:38  Pylon  
  163  11:50  Assimilator  
  163  11:54  Assimilator  
  163  11:59  Probe (Chrono Boost)  
  163  12:01  Carrier  
  170  12:06  Carrier  
  177  12:09  Probe (Chrono Boost)  
  177  12:14  Probe (Chrono Boost)  
  177  12:17  Carrier x2  
  190  12:25  Probe  
  190  12:27  Protoss Air Armor Level 2 (Chrono Boost)  
  190  12:28  Protoss Air Weapons Level 2 (Chrono Boost)  
  191  12:37  Probe  
  191  12:39  Carrier  
  198  12:49  Probe  
  195  13:02  Probe  
  196  13:14  Probe  
Tags
 
Add a new tag
Caveats
  • Supply blocks, unpowered buildings, or Contaminate may cause inaccurate times.
  • Supply counts are checked every 10 seconds.